 Dungeon Crawl Stone Soup version 0.31-a0-1626-g5cb510d322 (webtiles) character file.

Game seed: 667067494509088213

684329 Charly the Slayer (level 27, -2/169 HPs)
             Began as a Vine Stalker Brigand on Jan 12, 2024.
             Was an Initiate of Gozag.
             Slain by a demonspawn warmonger
             ... wielding a +0 heavy glaive
              (40 damage)
             ... on level 14 of a ziggurat on Jan 13, 2024.
             The game lasted 02:56:26 (80874 turns).

Charly the Slayer (Vine Stalker Brigand)           Turns: 80874, Time: 02:56:27

Health: -2/169     AC: 37    Str: 21    XL:     27
Magic:  0/48       EV: 24    Int:  7    God:    Gozag
Gold:   7710       SH:  0    Dex: 26    Spells: 66/66 levels left

rFire   + + +        a - +8 Vampire's Tooth {megavamp}
rCold   + + +        (no shield)
rNeg    + . .        T - +9 storm dragon scales
rPois   +            P - +0 helmet "Gubof" {rC+ Regen+}
rElec   +            l - scarf of Wu Jian's Anger {rC+ rF+, ^Drain rN+ Str+3}
rCorr   +            I - +3 Mad Mage's Maulers {Infuse+∞ VampMP -Cast}
SInv    .            W - +0 pair of boots "Reagg" {rF++ Str+2 Int-4 Slay+4}
Will    +++..        u - amulet of Vitality {RegenMP++ Regen++}
Stlth   +++++        h - +4 ring of slaying
HPRegen 3.68/turn    o - +4 ring of slaying
MPRegen 1.11/turn

%: no spellcasting, guardian spirit
@: mighty, lethally poisoned (-2 -> -3), resistant, gold aura, studying 3 skills
A: fangs 3, regeneration 1, magic shield, antimagic bite, no potion heal 2,
iridescent scales 1, clumsy 1, screaming 1
}: 4/15 runes: decaying, slimy, silver, gossamer
a: Renounce Religion, Potion Petition, Call Merchant, Bribe Branch


You were on level 14 of a ziggurat.
You worshipped Gozag.
Gozag was greatly pleased with you.
You visited 13 branches of the dungeon, and saw 57 of its levels.
You visited 1 ziggurat, and saw 14 of its levels.
You also visited: Trove and Ice Cave.

You collected 35898 gold pieces.
You spent 10321 gold pieces at shops.
You paid 17867 gold pieces to Gozag.

Inventory:

Hand Weapons
 a - the +8 Vampire's Tooth (weapon) {megavamp}
   (You bought it in a shop on level 4 of the Lair of Beasts)
 b - a +9 quick blade of protection
Missiles
 m - 6 datura-tipped darts
 t - a throwing net
Armour
 l - the scarf of Wu Jian's Anger (worn) {rC+ rF+, ^Drain rN+ Str+3}
   (You acquired it on level 12 of a ziggurat)

   Str+3:     It affects your strength (+3).
   rN+:       It protects you from negative energy.
   ^Drain:    It drains your maximum health when unequipped.
 v - the +9 scales of the Dragon King {rPois rF+ rC+ Will+}
   (You took it off a deep elf blademaster on level 3 of the Elven Halls)

   rF+:       It protects you from fire.
   rC+:       It protects you from cold.
   rPois:     It protects you from poison Will+: It increases your willpower.
 I - the +3 Mad Mage's Maulers (worn) {Infuse+∞ VampMP -Cast}
   (You found it on level 3 of the Elven Halls)

   Infuse+∞: It empowers its wearer's blows with all of their magic.
   VampMP:    Blows struck in melee replenish the wearer's magic.
   -Cast:     It prevents spellcasting.
 P - the +0 helmet "Gubof" (worn) {rC+ Regen+}
   (You found it on level 1 of the Swamp)

   rC+:       It protects you from cold.
   Regen+:    It increases your rate of health regeneration.
 T - +9 storm dragon scales (worn)
 W - the +0 pair of boots "Reagg" (worn) {rF++ Str+2 Int-4 Slay+4}
   (You found it on level 4 of the Spider Nest)

   Str+2:     It affects your strength (+2).
   Int-4:     It affects your intelligence (-4).
   Slay+4:    It affects your accuracy & damage with ranged weapons and melee
   (+4).
   rF++:      It greatly protects you from fire.
Jewellery
 c - the ring of the Failed Coup {+Blink rPois rC+ Will+ Dex-3}
   (You found it on level 9 of a ziggurat)

   [ring of protection from cold]

   Dex-3:     It affects your dexterity (-3).
   rC+:       It protects you from cold.
   rPois:     It protects you from poison Will+: It increases your willpower.
   +Blink:    It lets you blink.
 f - the ring "Dauf" {rF+ Will+ Dex+3}
   (You acquired it on level 14 of the Dungeon)

   [ring of willpower]

   Dex+3:     It affects your dexterity (+3).
   rF+:       It protects you from fire.
   Will+:     It increases your willpower.
 h - a +4 ring of slaying (left hand)
 i - a ring of see invisible
 n - the ring "Ceteq" {rPois rN+ Will+}
   (You found it on level 1 of the Lair of Beasts)

   [ring of positive energy]

   rPois:     It protects you from poison rN+: It protects you from negative
   energy.
   Will+:     It increases your willpower.
 o - a +4 ring of slaying (right hand)
 u - the amulet of Vitality (around neck) {RegenMP++ Regen++}
   (You found it on level 13 of a ziggurat)

   [amulet of magic regeneration]

   RegenMP:   It increases your rate of magic regeneration.
   Regen++:   It increases your rate of health regeneration.
 O - the ring of Harmony {rElec Will+ rCorr MP+9}
   (You found it on level 9 of a ziggurat)

   [ring of willpower]

   rElec:     It insulates you from electricity.
   Will+:     It increases your willpower.
   MP+9:      It affects your magic capacity (+9).
   rCorr:     It protects you from acid and corrosion.
Wands
 e - a wand of quicksilver (38)
 p - a wand of charming (48)
 w - a wand of mindburst (47) (quivered)
 y - a wand of digging (25)
 D - a wand of iceblast (59)
Scrolls
 g - 8 scrolls of fog
 k - 32 scrolls of teleportation
 q - 3 scrolls of silence
 B - 7 scrolls of blinking
 J - 8 scrolls of poison
 L - 4 scrolls of butterflies
 N - 10 scrolls of revelation
 R - 3 scrolls of brand weapon
 S - 7 scrolls of immolation
 U - 4 scrolls of vulnerability
 X - 8 scrolls of enchant weapon
 Z - 13 scrolls of fear
Potions
 r - 4 potions of resistance
 s - 12 potions of cancellation
 x - 14 potions of mutation
 z - 6 potions of lignification
 A - 28 potions of curing
 C - 8 potions of enlightenment
 E - 3 potions of magic
 F - 4 potions of might
 G - 9 potions of attraction
 M - 4 potions of berserk rage
 Q - 8 potions of haste
 V - 12 potions of ambrosia
Miscellaneous
 d - a box of beasts
 j - a phantom mirror
 H - a tin of tremorstones (inert)
 K - the horn of Geryon (inert)
 Y - a phial of floods


   Skills:
 + Level 25.3 Fighting
 - Level 14.0 Short Blades
 - Level 1.7 Throwing
 + Level 18.3 Armour
 + Level 21.2 Dodging
 - Level 20.0 Stealth
 + Level 20.1 Spellcasting
 - Level 15.0 Evocations


You had 66 spell levels left.
You didn't know any spells.
Your spell library contained the following spells:

 Spells                   Type           Power      Damage    Failure   Level
 Apportation              Tloc           14%        N/A       26%         1
 Foxfire                  Conj/Fire      28%        2x1d5     26%         1
 Freeze                   Ice            28%        1d5       26%         1
 Kiss of Death            Conj/Necr      28%        2d7       26%         1
 Magic Dart               Conj           28%        1d4       26%         1
 Necrotise                Necr           28%        1d5       26%         1
 Sandblast                Erth           14%        2d6       26%         1
 Shock                    Conj/Air       28%        1d4       26%         1
 Slow                     Hex            28%        N/A       26%         1
 Sting                    Conj/Alch      28%        1d4       26%         1
 Summon Small Mammal      Summ           28%        N/A       26%         1
 Blink                    Tloc           14%        N/A       36%         2
 Cigotuvi's Dreadful Rot  Necr/Alch/Air  14%        N/A       36%         2
 Ensorcelled Hibernation  Hex/Ice        14%        N/A       36%         2
 Jinxbite                 Hex            14%        N/A       36%         2
 Lesser Beckoning         Tloc           14%        N/A       36%         2
 Mercury Vapours          Alch/Air       14%        N/A       36%         2
 Momentum Strike          Conj/Tloc      14%        3d8       36%         2
 Searing Ray              Conj           14%        2d5       36%         2
 Sublimation of Blood     Necr           7%         N/A       36%         2
 Call Canine Familiar     Summ           7%         N/A       58%         3
 Confusing Touch          Hex            7%         N/A       58%         3
 Dazzling Flash           Conj/Hex       14%        N/A       58%         3
 Frozen Ramparts          Ice            14%        1d3       58%         3
 Gell's Gravitas          Tloc           7%         N/A       58%         3
 Hailstorm                Conj/Ice       7%         3d5       58%         3
 Mephitic Cloud           Conj/Alch/Air  7%         N/A       58%         3
 Passwall                 Erth           7%         N/A       58%         3
 Sigil of Binding         Hex            7%         N/A       58%         3
 Stone Arrow              Conj/Erth      14%        3d7       58%         3
 Swiftness                Air            7%         N/A       58%         3
 Teleport Other           Tloc           7%         N/A       58%         3
 Tukima's Dance           Hex            7%         N/A       58%         3
 Vampiric Draining        Necr           7%         2d6       58%         3
 Volatile Blastmotes      Fire/Tloc      14%        2d11      58%         3
 Animate Armour           Summ/Erth      14%        N/A       94%         4
 Brom's Barrelling Bould  Conj/Erth      7%         2d3       94%         4
 Dimensional Bullseye     Hex/Tloc       3%         N/A       94%         4
 Dispel Undead            Necr           7%         3d8       94%         4
 Fulminant Prism          Conj/Alch      3%         3d5       94%         4
 Iskenderun's Mystic Bla  Conj/Tloc      7%         2d4       94%         4
 Leda's Liquefaction      Alch/Erth      3%         N/A       94%         4
 Martyr's Knell           Necr/Summ      7%         N/A       94%         4
 Olgreb's Toxic Radiance  Alch           7%         N/A       94%         4
 Passage of Golubria      Tloc           7%         N/A       94%         4
 Petrify                  Alch/Erth      7%         N/A       94%         4
 Summon Blazeheart Golem  Fire/Summ      7%         N/A       94%         4
 Summon Lightning Spire   Summ/Air       7%         N/A       94%         4
 Vhi's Electric Charge    Tloc/Air       14%        N/A       94%         4
 Arcjolt                  Conj/Air       3%         1d13      100%        5
 Freezing Cloud           Conj/Ice/Air   3%         6-21      100%        5
 Irradiate                Conj/Alch      3%         3d12      100%        5
 Iskenderun's Battlesphe  Conj           7%         2d6       100%        5
 Lee's Rapid Deconstruct  Erth           3%         3d5*      100%        5
 Summon Forest            Summ/Tloc      3%         N/A       100%        5
 Summon Mana Viper        Hex/Summ       7%         N/A       100%        5
 Yara's Violent Unravell  Hex/Alch       3%         3d4       100%        5
 Bombard                  Conj/Erth      3%         9d1       100%        6
 Conjure Ball Lightning   Conj/Air       3%         3x3d6     100%        6
 Death Channel            Necr           3%         N/A       100%        6
 Dispersal                Tloc           3%         N/A       100%        6
 Plasma Beam              Fire/Air       3%         2x1d13    100%        6
 Starburst                Conj/Fire      3%         6d3       100%        6
 Summon Cactus Giant      Summ           3%         N/A       100%        6
 Enfeeble                 Hex            3%         N/A       100%        7
 Haunt                    Necr/Summ      3%         N/A       100%        7
 Ozocubu's Refrigeration  Ice            3%         4d8       100%        7
 Spellforged Servitor     Conj/Summ      3%         N/A       100%        7
 Discord                  Hex            3%         N/A       100%        8
 Infestation              Necr           3%         N/A       100%        8
 Lehudib's Crystal Spear  Conj/Erth      3%         10d3      100%        8
 Maxwell's Capacitive Co  Air            3%         ∞         100%        8
 Chain Lightning          Conj/Air       3%         3d4       100%        9
 Animate Dead             Necr           Unusable   N/A       N/A         4

Dungeon Overview and Level Annotations

Branches:
Dungeon (15/15)            Temple (1/1) D:6            Lair (5/5) D:11
  Swamp (4/4) Lair:3       Spider (4/4) Lair:3        Slime (5/5) Lair:5
    Orc (2/2) D:10            Elf (3/3) Orc:2        Vaults (5/5) D:14
  Crypt (3/3) Vaults:3       Tomb (0/3) Crypt:3      Depths (4/4) D:15
   Hell (visited)             Dis (0/7) Hell            Geh (0/7) Hell
    Coc (0/7) Hell            Tar (0/7) Hell            Zot (5/5) Depths:4
  IceCv (visited)

Altars:
Ashenzari
Cheibriados
Dithmenos
Elyvilon
Fedhas
Gozag
Hepliaklqana
Kikubaaqudgha
Makhleb
Nemelex Xobeh
Okawaru
Qazlal
Ru
Sif Muna
Trog
Uskayaw
Vehumet
Wu Jian
Xom
Yredelemnul
Zin
The Shining One
Jiyva

Shops:
D:5 **   D:10 *   D:11 *   Orc:2 *?:   Elf:1 =   Lair:4 [(   Swamp:1 *[=((
Spider:1 (   Vaults:1 ?   Vaults:2 =   Zot:3 *   Depths:1 ?   Depths:2 :
Depths:4 ([[[(!

Portals:
Hell: Depths:1 Depths:2 Depths:3 Depths:4
Abyss: Depths:3
Pandemonium: Depths:2

Annotations:
Elf:2 3 runed translucent doors


Innate Abilities, Weirdness & Mutations

You have razor-sharp teeth.
Your natural rate of healing is unusually fast.
When hurt, damage is shared between your health and your magic reserves.
Your bite disrupts and absorbs the magic of your enemies.
Potions cannot restore your health.
You are partially covered in iridescent scales. (AC +2)
You are clumsy. (Dex -2)
You occasionally shout uncontrollably at your foes.


Message History

The ball of steam hits the balrug.
The balrug resists.
The ball of steam hits your hell beast! The ball of steam misses you.
You strike the helpless cacodemon from behind!
You stick the cacodemon like a pincushion!!!!!
You kill the cacodemon!
You impale the hell beast!! Your bite misses the hell beast.
You closely miss the hell beast. You bite the hell beast! You drain its power.
You feel invigorated.
The hell beast is heavily wounded.
The hell beast is no longer unusually resistant.
Your hell beast is engulfed in blazing flames.
Your hell beast dies!
Your hell beast disappears in a puff of smoke!
The smoke demon gestures at you. Something smites you!
* * * LOW HITPOINT WARNING * * *
The green death is engulfed in blazing flames.
The hell beast completely misses you.
The hell beast tramples you but does no damage.
The demonspawn warmonger is engulfed in blazing flames.
The demonspawn warmonger hits you but does no damage.
You completely miss the hell beast. Your bite misses the hell beast.
You puncture the hell beast! You bite the hell beast!! You drain its power.
You feel invigorated.
The hell beast is almost dead.
The balrug gestures at you. Something smites you!
* * * LOW HITPOINT WARNING * * *
You stick the hell beast like a pincushion!!!!!
You kill the hell beast!
The demonspawn corrupter hits you from afar with a +0 demon trident of venom!
* * * LOW HITPOINT WARNING * * *
You are poisoned.
The Brimstone Fiend is distracted by your dazzling golden aura.
The green death is engulfed in blazing flames.
The neqoxec is engulfed in a cloud of scalding steam.
The demonspawn warmonger is engulfed in blazing flames.
The demonspawn warmonger hits you from afar with a +0 heavy glaive!!!
You die...
Your body crumbles into a pile of gold.

9.................▓
..................▓
6.................▓
63$.......{......∩▓
.$2.......66......▓
...........§......▓
...........§3.6§.§▓
..........2§316§$.▓
............222§@§▓
..........§▓▓▓▓▓▓▓▓
...........▓
...........▓
▓▓▓▓▓▓▓▓▓▓


You could see a demonspawn warmonger (fast, agile), a Brimstone Fiend (agile,
resistant, unaware), 2 demonspawn blood saints, a demonspawn corrupter (strong,
resistant), 2 balrugs, a reaper (agile, resistant), a green death (strong), a
smoke demon (fast) and a neqoxec.

Vanquished Creatures
  the Royal Jelly (Slime:5)
  5 dread liches (Zot:5)
  5 ancient liches
  5 orbs of fire
  The ghost of Sofait the Black Belt, a legendary GnFE of Okawaru (Zot:3)
  A juggernaut (Depths:3)
  A royal mummy (Zig:6)
  Josephina (Crypt:1)
  The ghost of yokelz the Slayer, a legendary GrFi of Okawaru (Zot:5)
  Boris (twice) (Vaults:5 Crypt:1)
  3 shard shrikes (Zig:11)
  Parghit (Zot:3)
  Bai Suzhen (Elf:3)
  Margery (Vaults:3)
  9 Killer Klowns
  Geryon (Hell)
  3 curse toes
  Nikola (Vaults:3)
  A profane servitor (Zig:12)
  14 golden dragons
  3 bone dragons
  An iron giant (Hell)
  A pandemonium lord (Zig:8)
  2 doom hounds (Crypt:1)
  2 shard shrike zombies (Crypt:3)
  3 electric golems
  The ghost of Vorhees the Eclecticist, an adept DjCj of Gozag (Vaults:1)
  2 hellephants
  10 liches
  Zenata (Crypt:1)
  15 tentacled monstrosities
  A walking crystal tome (Depths:3)
  A Hell Sentinel (Zig:8)
  Grunn (Crypt:1)
  25 Orb Guardians (Zot:5)
  2 titans (Vaults:5)
  3 deep elf blademasters (Elf:3)
  A walking frostbound tome (Zig:11)
  2 Executioners (Zig:14)
  Murray (Hell)
  7 quicksilver dragons
  7 ancient champions
  19 acid blobs
  12 death cobs
  5 deep elf master archers
  12 sphinxes
  4 tengu reavers
  10 storm dragons
  16 shadow dragons
  4 revenants
  Donald (Vaults:3)
  Aizul (Vaults:2)
  2 thorn hunters
  7 draconian monks
  A fenstrider witch (Zig:5)
  A fire giant (shapeshifter) (Zig:8)
  6 deep elf sorcerers
  8 rockslimes
  The ghost of Zachydoop the Severer, a journeyman DsGl of Ru (Swamp:1)
  4 draconian knights
  9 emperor scorpions
  3 draconian scorchers
  15 azure jellies
  4 nagarajas
  2 iron dragons (Depths:3)
  6 frost giants
  11 protean progenitors
  2 balrugs
  16 fire giants
  8 draconian shifters
  A curse skull (Crypt:3)
  8 deep elf elementalists
  9 ghost moths
  14 vault wardens
  7 draconian annihilators
  An orc warlord (Vaults:3)
  2 draconian stormcallers
  A demonspawn corrupter (Zig:14)
  A broodmother (Zot:3)
  10 formless jellyfish
  5 reapers
  A juggernaut skeleton (Crypt:3)
  18 very ugly things
  11 quicksilver oozes
  2 caustic shrike skeletons
  2 cacodemons
  15 ironbound preservers
  2 putrid mouths (Crypt:1)
  24 stone giants
  3 eleionomae
  2 bennus (Zig:6)
  12 green draconians
  18 dire elephants
  11 ironbound thunderhulks
  The ghost of DEFE the Basher, a journeyman DsWn of Qazlal (Lair:5)
  The ghost of Mll the Fighter, a journeyman GrFi of Okawaru (D:14)
  11 deep elf annihilators
  3 deep elf demonologists
  6 purple draconians
  8 deep elf death magi
  8 black draconians
  15 vampire knights
  5 war gargoyles
  3 white draconians
  10 yellow draconians
  9 red draconians
  3 blizzard demons
  3 bunyips
  8 eidola
  16 spark wasps
  11 ettins
  2 shambling mangroves
  A crystal guardian (Vaults:1)
  7 deep elf high priests
  5 entropy weavers
  2 iron golems (Hell)
  A spriggan zombie (Crypt:1)
  12 fire dragons
  A kraken zombie (Hell)
  2 jiangshi (Crypt:2)
  33 vault guards
  18 yaktaur captains
  10 great orbs of eyes
  3 rakshasas (Depths:2)
  10 ice dragons
  8 salamander tyrants
  4 hell beasts
  A juggernaut simulacrum (Zig:11)
  A peacekeeper (Vaults:1)
  24 hydras
  2 ogre magi
  6 alligators
  4 catoblepae
  4 radroaches
  3 spriggan skeletons (Crypt:3)
  5 death knights
  6 ghost crabs
  5 ironbound frosthearts
  An anaconda (Zot:5)
  5 spriggan air magi
  18 dancing weapons
  12 centaur warriors
  4 boulder beetles
  5 deep troll earth magi
  2 satyrs
  16 death yaks
  5 deep troll shamans
  A naga warrior (Zig:7)
  2 two-headed ogres
  A death scarab (Zig:6)
  6 vampire magi
  8 tengu warriors
  10 spriggan berserkers
  11 demonic crawlers
  8 naga sharpshooters
  6 orc high priests
  3 soul eaters
  18 hell knights
  4 shock serpents
  12 deep elf knights
  4 sun demons (Hell)
  6 skysharks
  Sonja (Orc:1)
  3 shadow wraiths
  A fire crab (D:15)
  A spatial maelstrom (Zig:12)
  7 goliath frogs
  8 pharaoh ants
  4 wretched stars (Zig:12)
  A spark wasp zombie (Depths:1)
  49 deep trolls
  7 iron trolls
  40 skeletal warriors
  A sixfirhy (Zig:14)
  A salamander mystic (Zig:13)
  5 glowing orange brains
  A mana viper (Zig:13)
  A glowing orange brain (shapeshifter) (Spider:3)
  A naga ritualist (Zig:13)
  8 arcanists
  A quicksilver dragon simulacrum (Depths:1)
  A deep troll (shapeshifter) (Vaults:4)
  14 swamp dragons
  A swamp dragon (shapeshifter) (Vaults:5)
  A bunyip skeleton (Crypt:3)
  5 flayed ghosts
  6 spriggan druids
  A bog body (Zig:2)
  10 phantasmal warriors
  2 anaconda skeletons
  12 orb spiders
  A sun moth (Spider:2)
  An iron giant skeleton (Crypt:3)
  2 shadow demons (Depths:1)
  A steelbarb worm (shapeshifter) (Elf:3)
  12 orc knights
  An obsidian statue (Zot:3)
  The ghost of Mll the Trooper, a novice MiFi of Okawaru (D:6)
  12 lindwurms
  An alligator zombie (Hell)
  5 steelbarb worms
  An orange crystal statue (Zig:13)
  26 ironbound convokers
  3 spriggan simulacra (Zig:11)
  3 large abominations (Zig:12)
  9 necromancers
  15 deep elf archers
  29 deep elf zephyrmancers
  4 harpies (Vaults:1)
  A fenstrider witch simulacrum (Crypt:1)
  16 deep elf pyromancers
  5 shining eyes
  An iron dragon zombie (Crypt:1)
  42 ugly things
  21 wolf spiders
  A faun (Spider:3)
  A stone giant zombie (Depths:1)
  4 manticores
  An elf skeleton (Vaults:4)
  2 oklob plants
  2 orc sorcerers (Orc:2)
  2 will-o-the-wisps
  6 cyclopes
  10 elephants
  A naga zombie (Crypt:1)
  30 moths of wrath
  4 kobold blastminers
  An eleionoma skeleton (Crypt:2)
  A rust devil (Hell)
  16 black mambas
  A black mamba (shapeshifter) (Elf:2)
  11 torpor snails
  A guardian serpent (Zig:7)
  10 meliai
  4 naga magi
  3 molten gargoyles (Hell)
  2 eyes of devastation
  A titan simulacrum (Vaults:4)
  18 vault sentinels
  A torpor snail (shapeshifter) (Vaults:5)
  4 gargoyles (Crypt:3)
  An orange demon (Lair:2)
  An alligator snapping turtle zombie (Crypt:2)
  5 ice statues
  18 cane toads
  5 smoke demons
  6 rime drakes
  12 komodo dragons
  A hellion (Zig:8)
  2 kobold demonologists
  43 yaktaurs
  A bunyip simulacrum (Crypt:1)
  2 ice devils (Zig:11)
  A purple draconian zombie (Crypt:2)
  6 tengu conjurers
  2 tormentors
  3 ancient zymes (Zig:12)
  3 freezing wraiths
  4 guardian mummies
  3 trolls
  A troll (shapeshifter) (Vaults:5)
  6 hydra zombies (Hell)
  A polar bear (Lair:2)
  A red devil (Hell)
  2 queen bees
  3 hydra skeletons
  18 tarantellas
  26 hornets
  6 tyrant leeches
  2 harpy skeletons (Crypt:3)
  3 glass eyes
  A stone giant simulacrum (Crypt:1)
  16 blink frogs
  21 jumping spiders
  83 slime creatures
  The ghost of Tungsten the Changeling, an amateur OpSh (D:3)
  A fire dragon skeleton (Crypt:3)
  A culicivora zombie (Crypt:1)
  22 culicivoras
  An ettin zombie (Depths:1)
  An ettin skeleton (Crypt:1)
  3 centaur simulacra
  2 ynoxinuls (Zig:12)
  2 vampires (D:11)
  24 spriggans
  3 air elementals
  7 shadows
  5 wraiths
  2 water elementals (Elf:3)
  3 wyverns
  A dire elephant simulacrum (Crypt:1)
  2 basilisks
  2 fire elementals (Elf:1)
  4 starcursed masses (Zig:12)
  60 yaks
  57 redbacks
  A steam dragon (D:10)
  13 wargs
  32 vampire mosquitoes
  2 neqoxecs (Zig:12)
  A chaos spawn (Zig:8)
  A glowing shapeshifter zombie (Vaults:4)
  3 nagas
  A harpy simulacrum (Crypt:1)
  An acid dragon (D:12)
  A deep troll zombie (Crypt:2)
  17 swamp worms
  A skyshark zombie (Crypt:2)
  18 water moccasins
  A water moccasin (shapeshifter) (Zig:12)
  A human skeleton (Depths:1)
  A sky beast (D:7)
  A glowing shapeshifter skeleton (Zig:6)
  3 black bears
  A black bear (shapeshifter) (Elf:3)
  22 orc warriors
  9 swamp drakes
  22 laughing skulls
  8 wolves
  3 centaurs (D:9)
  10 ogres
  A phantom (D:7)
  A kobold brigand (D:11)
  3 earth elementals
  9 scorpions
  11 bullfrogs
  2 gnoll sergeants
  A warg skeleton (Crypt:1)
  2 wights
  2 wyvern skeletons (D:3)
  6 killer bees (D:14)
  2 lindwurm simulacra (IceCv)
  An electric eel (Lair:4)
  A bombardier beetle (D:3)
  10 howler monkeys
  A wolf zombie (Crypt:2)
  A bullfrog zombie (D:3)
  A wolf skeleton (Crypt:1)
  4 komodo dragon simulacra (IceCv)
  A gnoll bouda (D:5)
  2 centaur zombies
  3 sleepcaps
  2 hounds
  7 jellies
  2 centaur skeletons
  30 orc priests
  Ijyb (D:3)
  An iguana (D:5)
  7 hell rats (Hell)
  25 orc wizards
  A sky beast zombie (Crypt:1)
  14 mummies
  8 adders
  12 gnolls
  2 howler monkey skeletons (D:6)
  A swamp drake zombie (Crypt:2)
  9 acid dragon simulacra (IceCv)
  12 white imps (Orc:1)
  2 ufetubi (D:5)
  6 steam dragon simulacra (IceCv)
  7 dart slugs
  2 ribbon worms
  83 orcs
  5 bats
  8 endoplasms
  4 giant cockroaches
  11 goblins
  8 hobgoblins
  5 jackals
  14 kobolds
  3 quokkas
  10 ball pythons
  An endoplasm zombie (Crypt:1)
  2 frilled lizards
  A jackal skeleton (Crypt:1)
  An orc skeleton (Crypt:1)
  4 rats
  A river rat skeleton (Crypt:2)
  A river rat zombie (Crypt:1)
  13 aspiring fleshes
  13 butterflies (Vaults:4)
2625 creatures vanquished.

Vanquished Creatures (collateral kills)
  Saint Roka (Vaults:3)
  An orc warlord (Vaults:2)
  A green death (Zig:14)
  A deep elf high priest (Vaults:3)
  An orc high priest (Vaults:3)
  Amaemon (Lair:2)
  An iron troll (Vaults:3)
  An orc knight (Vaults:3)
  A cane toad (Lair:2)
  A wyvern (Lair:2)
  A basilisk (D:10)
  2 wights (D:8)
  A kobold (D:11)
14 creatures vanquished.

Vanquished Creatures (others)
  A deep elf blademaster (Elf:3)
  A yellow draconian (Depths:4)
  A spriggan simulacrum (Crypt:1)
  2 komodo dragons (Lair:4)
  A bloated husk (Swamp:3)
  A spriggan (Swamp:4)
  4 foxfires
11 creatures vanquished.

Grand Total: 2650 creatures vanquished

Notes
Turn   | Place    | Note
-------+----------+-------------------------------------------
     0 | D:1      | Charly the Vine Stalker Brigand began the quest for the
                  | Orb.
     0 | D:1      | Reached XP level 1. HP: 11/11 MP: 2/2
    99 | D:1      | Reached skill level 5 in Stealth
   113 | D:1      | Reached skill level 2 in Fighting
   123 | D:1      | Reached XP level 2. HP: 15/15 MP: 1/3
   496 | D:1      | Reached XP level 3. HP: 19/19 MP: 4/4
   917 | D:2      | Reached XP level 4. HP: 23/23 MP: 5/5
  1158 | D:3      | Found a faded altar of an unknown god.
  1226 | D:3      | Reached skill level 3 in Fighting
  1226 | D:3      | Reached XP level 5. HP: 28/28 MP: 6/6
  1534 | D:3      | Noticed Ijyb
  1553 | D:3      | Killed Ijyb
  1668 | D:3      | Found a transporter.
  1669 | D:3      | Noticed Tungsten's ghost (amateur OpSh)
  1723 | D:3      | Found a transporter.
  1750 | D:3      | Reached XP level 6. HP: 32/32 MP: 7/7
  2103 | D:4      | Found a shadowy altar of Dithmenos.
  2193 | D:4      | Reached skill level 1 in Evocations
  2428 | D:4      | Reached XP level 7. HP: 28/37 MP: 8/8
  2597 | D:4      | Found an opulent altar of Gozag.
  2644 | D:5      | Entered Level 5 of the Dungeon
  2765 | D:5      | Reached skill level 4 in Fighting
  3039 | D:5      | Found Bugh's Weapon Emporium.
  3140 | D:5      | Found Keveem's Assorted Antiques.
  3145 | D:5      | Bought a copper wand for 116 gold pieces
  3145 | D:5      | Bought a scroll labelled QIOSAG JOOQ for 29 gold pieces
  3145 | D:5      | Bought a scroll labelled LER ITUULLUUWN for 29 gold pieces
  3145 | D:5      | Bought a scroll labelled LER ITUULLUUWN for 29 gold pieces
  3160 | D:5      | Gained mutation: You have razor-sharp teeth. [Vine Stalker
                  | growth]
  3160 | D:5      | Reached XP level 8. HP: 39/40 MP: 9/9
  3225 | D:5      | Found Josyfol's General Store.
  3246 | D:5      | Reached skill level 5 in Short Blades
  3461 | D:5      | Bought a potion of might for 44 gold pieces
  3592 | D:6      | Found a basalt altar of Yredelemnul.
  3613 | D:6      | Found a staircase to the Ecumenical Temple.
  3630 | Temple   | Entered the Ecumenical Temple
  3646 | D:6      | You fall into a shaft and drop 2 floors!
  3981 | D:6      | Found a runed translucent gate.
  3981 | D:6      | Found a runed translucent gate.
  3983 | D:6      | Found a runed translucent gate.
  3985 | D:6      | Noticed Mll's ghost (novice MiFi)
  3998 | D:6      | Reached skill level 1 in Spellcasting
  4113 | D:6      | Found a hazy altar of Hepliaklqana.
  4642 | D:4      | Found an ancient bone altar of Kikubaaqudgha.
  4642 | D:4      | Found a snail-covered altar of Cheibriados.
  4662 | D:4      | Became a worshipper of Gozag Ym Sagoz the Greedy
  4832 | D:7      | Reached XP level 9. HP: 46/46 MP: 12/12
  4880 | D:7      | Reached skill level 5 in Fighting
  5120 | D:7      | Reached skill level 5 in Evocations
  5903 | D:9      | Noticed a troll
  5917 | D:9      | Killed a troll
  5918 | D:9      | Reached XP level 10. HP: 47/52 MP: 13/17
  6209 | D:9      | Found a stormy altar of Qazlal.
  6457 | D:5      | Bought a potion of curing for 87 gold pieces
  6457 | D:5      | Bought a wooden ring for 145 gold pieces
  6457 | D:5      | Bought a scroll of identify for 58 gold pieces
  6472 | D:5      | Bought a potion of cancellation for 88 gold pieces
  6472 | D:5      | Bought a scroll of vulnerability for 44 gold pieces
  6591 | D:10     | Entered Level 10 of the Dungeon
  6620 | D:10     | Noticed a cyan ugly thing
  6626 | D:10     | Killed a cyan ugly thing
  6627 | D:10     | Reached skill level 6 in Fighting
  6627 | D:10     | Reached skill level 5 in Spellcasting
  6706 | D:10     | Identified the +5 flail of Upeloz {venom, rPois Will+++
                  | rCorr Str-3}
  6927 | D:10     | Found an ornate altar of the Wu Jian Council.
  6948 | D:10     | Found Zeucs's Assorted Antiques.
  6957 | D:10     | Bought a sedimented black potion for 26 gold pieces
  6988 | D:10     | Noticed a centaur warrior
  6992 | D:10     | Noticed an ogre mage
  7228 | D:10     | Killed a centaur warrior
  7229 | D:10     | Reached skill level 10 in Stealth
  7263 | D:10     | Found a white marble altar of Elyvilon.
  7316 | D:10     | Noticed a fire dragon
  7351 | D:10     | Killed an ogre mage
  7416 | D:10     | Found a staircase to the Orcish Mines.
  7430 | D:10     | Reached XP level 11. HP: 58/58 MP: 19/19
  7742 | D:10     | Noticed a manticore
  7879 | D:6      | Killed Mll's ghost
  8052 | D:3      | Killed Tungsten's ghost
  8272 | D:11     | Found Lufawkus's Island Escapes.
  8281 | D:10     | Reached skill level 7 in Fighting
  8511 | D:11     | Noticed an oklob plant
  8693 | D:11     | Found a staircase to the Lair.
  8877 | D:11     | Noticed a brown ugly thing
  8896 | D:11     | Killed a brown ugly thing
  8897 | D:11     | Reached skill level 10 in Short Blades
  9074 | D:11     | Killed an oklob plant
  9192 | D:10     | Bought a glowing leather armour for 145 gold pieces
  9192 | D:10     | Bought a glowing short sword for 174 gold pieces
  9245 | Lair:1   | Entered Level 1 of the Lair of Beasts
  9253 | Lair:1   | Reached skill level 1 in Dodging
  9402 | Lair:1   | Reached skill level 8 in Fighting
  9402 | Lair:1   | Reached XP level 12. HP: 58/64 MP: 20/20
 10118 | Lair:1   | Identified the ring "Ceteq" {rPois rN+ Will+}
 10176 | Lair:1   | Found a blossoming altar of Fedhas.
 10648 | D:10     | Bought a forked brass wand for 116 gold pieces
 10880 | Lair:2   | Reached skill level 9 in Fighting
 11090 | Lair:2   | Noticed a five-headed hydra
 11100 | Lair:2   | Killed a five-headed hydra
 11186 | Lair:2   | Noticed Amaemon
 11346 | Lair:2   | Killed Amaemon
 11347 | Lair:2   | Reached XP level 13. HP: 70/70 MP: 21/21
 11599 | Lair:2   | Reached skill level 5 in Dodging
 12205 | Lair:3   | Found a staircase to the Swamp.
 12498 | Lair:3   | Found a hole to the Spider Nest.
 13088 | Lair:4   | Bought a pair of embroidered gloves for 180 gold pieces
 13245 | Lair:4   | Reached skill level 10 in Fighting
 13340 | Lair:4   | Reached skill level 10 in Evocations
 13427 | Lair:4   | Got the Incunable of Ozone
 13634 | Lair:4   | Bought the +8 Vampire's Tooth {megavamp} for 960 gold
                  | pieces
 13634 | Lair:4   | Found the +8 Vampire's Tooth {megavamp}
 13930 | Lair:5   | Entered Level 5 of the Lair of Beasts
 13935 | Lair:5   | Found a runed translucent gate.
 13935 | Lair:5   | Found a runed translucent gate.
 13935 | Lair:5   | Found a runed translucent gate.
 13935 | Lair:5   | Noticed DEFE's ghost (journeyman DsWn)
 13947 | Lair:5   | Reached skill level 15 in Stealth
 13999 | Lair:5   | Reached XP level 14. HP: 77/77 MP: 22/22
 14520 | Lair:5   | Reached skill level 11 in Fighting
 14987 | Lair:5   | Identified the +9 war axe of Inquiry {flame, rC+ MP+9
                  | Int+4}
 15041 | Lair:5   | Found a staircase to the Slime Pits.
 15373 | Lair:4   | Bought an ancient plate armour for 672 gold pieces
 15373 | Lair:4   | Identified the +2 plate armour "Umoq" {MP-9 Dex+5 SInv
                  | Stlth+} (You bought it in a shop on level 4 of the Lair of
                  | Beasts)
 15635 | D:12     | Found a shimmering altar of Xom.
 16433 | D:13     | Found a snail-covered altar of Cheibriados.
 16578 | D:13     | Reached XP level 15. HP: 80/83 MP: 20/23
 16893 | D:14     | Found a portal to a secret trove of treasure.
 17128 | D:14     | Found a gate to the Vaults.
 17392 | D:14     | Reached skill level 12 in Fighting
 17505 | D:14     | Found a transporter.
 17505 | D:14     | Found a transporter.
 17671 | D:14     | Noticed Mll's ghost (journeyman GrFi)
 17697 | D:14     | Killed Mll's ghost
 17975 | D:15     | Entered Level 15 of the Dungeon
 18474 | D:15     | Identified 3 scrolls of acquirement
 18631 | D:14     | You paid a toll of 2 scrolls of acquirement to enter a
                  | treasure trove
 18632 | Trove    | Entered a treasure trove
 18636 | Trove    | Found the +8 frozen axe "Frostbite" {freeze, freezing
                  | cloud, *Noise Fly rC+}
 18640 | Trove    | Identified the +5 quick blade "Ycecai" {protect, Dex+2}
 18647 | Trove    | Identified the +1 quarterstaff of Generosity {speed, Int+4}
 18650 | Trove    | Identified the +7 dagger of the Ancients {pain, rElec}
 18657 | Trove    | Identified the +5 quick blade of the Spheres {freeze, rPois
                  | Str-4 Stlth+}
 18668 | D:14     | Acquired the ring "Dauf" {rF+ Will+ Dex+3}
 19028 | D:15     | Found a staircase to the Depths.
 19571 | Orc:1    | Entered Level 1 of the Orcish Mines
 19578 | Orc:1    | Found a frozen archway.
 19621 | IceCv    | Entered an ice cave
 20478 | Orc:1    | Noticed Sonja
 20484 | Orc:1    | Killed Sonja
 20868 | Orc:2    | Entered Level 2 of the Orcish Mines
 21150 | Orc:2    | Reached XP level 16. HP: 87/90 MP: 24/24
 21498 | Orc:2    | Found Had Soh's Book Shop.
 21662 | Orc:2    | Found Plog's Assorted Antiques.
 21689 | Orc:2    | Bought a scroll labelled TAYNGYATASEO for 30 gold pieces
 21704 | Orc:2    | Found Ini Iqesawn's Magic Scroll Shop.
 21731 | Orc:2    | Bought a scroll of blinking for 105 gold pieces
 21775 | Orc:2    | Found a staircase to the Elven Halls.
 22154 | Orc:2    | Bought a scroll of teleportation for 90 gold pieces
 22154 | Orc:2    | Bought a scroll of vulnerability for 120 gold pieces
 22154 | Orc:2    | Bought a scroll of teleportation for 90 gold pieces
 22164 | Orc:2    | Bought a scroll of enchant weapon for 105 gold pieces
 22347 | Lair:4   | Bought 3 curare-tipped darts for 57 gold pieces
 22423 | Swamp:1  | Entered Level 1 of the Swamp
 22428 | Swamp:1  | You fall into a shaft and drop 1 floor!
 22442 | Swamp:2  | Reached skill level 13 in Fighting
 22660 | Swamp:1  | Reached skill level 10 in Dodging
 22931 | Swamp:1  | Found a transporter.
 22960 | Swamp:1  | Noticed Zachydoop's ghost (journeyman DsGl)
 22974 | Swamp:1  | Found a transporter.
 24509 | Swamp:4  | Entered Level 4 of the Swamp
 24510 | Swamp:4  | Identified the +1 robe "Sobaf" {Int+3}
 24840 | Swamp:3  | Reached XP level 17. HP: 83/96 MP: 28/28
 24915 | Swamp:4  | Reached skill level 14 in Fighting
 25094 | Swamp:4  | Got a decaying rune of Zot
 25600 | Swamp:1  | Identified the +0 helmet "Gubof" {rC+ Regen+}
 25608 | Swamp:1  | Killed Zachydoop's ghost
 25609 | Swamp:1  | Identified the +0 dire flail of Generosity {antimagic,
                  | rPois rF- Int+7 Stlth-}
 25819 | Spider:1 | Entered Level 1 of the Spider Nest
 26844 | Spider:1 | Identified the ring "Noqod" {rN+ Will+}
 27717 | Spider:3 | Reached XP level 18. HP: 103/103 MP: 31/31
 28005 | Spider:3 | Reached skill level 15 in Fighting
 28533 | Spider:4 | Entered Level 4 of the Spider Nest
 29534 | Spider:4 | Identified the +0 pair of boots "Reagg" {rF++ Str+2 Int-4
                  | Slay+4}
 29565 | Spider:4 | Got a gossamer rune of Zot
 30014 | Lair:5   | Killed DEFE's ghost
 30220 | Vaults:1 | Entered Level 1 of the Vaults
 30307 | Vaults:1 | Paralysed by a formless jellyfish for 1 turns
 30357 | Vaults:1 | Reached XP level 19. HP: 104/109 MP: 33/33
 30621 | Vaults:1 | Reached skill level 16 in Fighting
 31188 | Vaults:1 | Found a runed translucent gate.
 31188 | Vaults:1 | Found a runed translucent gate.
 31189 | Vaults:1 | Found a runed translucent gate.
 31211 | Vaults:1 | Found Boontey's Magic Scroll Shoppe.
 31237 | Vaults:1 | Bought a scroll of teleportation for 33 gold pieces
 31237 | Vaults:1 | Bought a scroll of revelation for 82 gold pieces
 31237 | Vaults:1 | Bought a scroll of fog for 44 gold pieces
 31237 | Vaults:1 | Bought a scroll of silence for 104 gold pieces
 31237 | Vaults:1 | Bought a scroll of enchant armour for 82 gold pieces
 31268 | Vaults:1 | Reached skill level 10 in Spellcasting
 31489 | Vaults:1 | Noticed Vorhees's ghost (adept DjCj)
 32528 | Vaults:2 | Identified the serpent talisman "Umiy" {rC+}
 32528 | Vaults:2 | Noticed Aizul
 32535 | Vaults:2 | Killed Aizul
 32898 | Lair:4   | Bought glowing storm dragon scales for 1992 gold pieces
 33175 | Vaults:2 | Bought the amulet "Bunk" {Acrobat rPois Str+6} for 591 gold
                  | pieces
 33250 | Vaults:3 | Noticed Nikola
 33266 | Vaults:3 | Killed Nikola
 33377 | Vaults:3 | Reached XP level 20. HP: 108/116 MP: 35/35
 33447 | Vaults:3 | Reached skill level 1 in Armour
 33594 | Vaults:3 | Reached skill level 17 in Fighting
 33728 | Vaults:3 | Identified the +1 kite shield "Watwenlen" {Stlth+}
 33728 | Vaults:3 | Noticed Donald
 33740 | Vaults:3 | Killed Donald
 33946 | Vaults:3 | Noticed Saint Roka
 34031 | Vaults:3 | Killed Saint Roka
 34295 | Vaults:3 | Noticed Margery
 34306 | Vaults:3 | Noticed a hellephant
 34320 | Vaults:3 | Killed Margery
 34343 | Vaults:3 | Killed a hellephant
 34695 | Vaults:3 | Found a staircase to the Crypt.
 34845 | Vaults:4 | Found a huge runed translucent gate.
 34845 | Vaults:4 | Found a huge runed translucent gate.
 34845 | Vaults:4 | Found a huge runed translucent gate.
 34845 | Vaults:4 | Found a huge runed translucent gate.
 34845 | Vaults:4 | Found a huge runed translucent gate.
 34845 | Vaults:4 | Found a huge runed translucent gate.
 34845 | Vaults:4 | Found a huge runed translucent gate.
 34845 | Vaults:4 | Found a huge runed translucent gate.
 34845 | Vaults:4 | Found a huge runed translucent gate.
 34846 | Vaults:4 | Found a huge runed translucent gate.
 34847 | Vaults:4 | Found a huge runed translucent gate.
 34847 | Vaults:4 | Found a huge runed translucent gate.
 34848 | Vaults:4 | Found a huge runed translucent gate.
 34849 | Vaults:4 | Found a huge runed translucent gate.
 34851 | Vaults:4 | Found a huge runed translucent gate.
 34852 | Vaults:4 | Found a huge runed translucent gate.
 34852 | Vaults:4 | Found a huge runed translucent gate.
 34857 | Vaults:4 | Found a huge runed translucent gate.
 34858 | Vaults:4 | Found a huge runed translucent gate.
 34858 | Vaults:4 | Found a huge runed translucent gate.
 34858 | Vaults:4 | Found a huge runed translucent gate.
 34888 | Vaults:4 | Found a huge runed translucent gate.
 34889 | Vaults:4 | Found a huge runed translucent gate.
 34890 | Vaults:4 | Found a huge runed translucent gate.
 34891 | Vaults:4 | Found a huge runed translucent gate.
 34891 | Vaults:4 | Found a huge runed translucent gate.
 34896 | Vaults:4 | Found a huge runed translucent gate.
 34897 | Vaults:4 | Found a huge runed translucent gate.
 34897 | Vaults:4 | Found a huge runed translucent gate.
 34897 | Vaults:4 | Found a huge runed translucent gate.
 34897 | Vaults:4 | Found a huge runed translucent gate.
 34899 | Vaults:4 | Found a huge runed translucent gate.
 34900 | Vaults:4 | Found a huge runed translucent gate.
 34947 | Vaults:4 | Found a huge runed translucent gate.
 34947 | Vaults:4 | Found a huge runed translucent gate.
 34949 | Vaults:4 | Found a huge runed translucent gate.
 35016 | Vaults:4 | Reached skill level 5 in Armour
 35296 | Vaults:4 | Reached XP level 21. HP: 123/123 MP: 36/36
 35707 | Vaults:4 | Reached skill level 18 in Fighting
 36115 | Vaults:4 | Identified the +9 flail of Ashenzari's Hatred {drain, rC+
                  | Str+2}
 36447 | Elf:1    | Entered Level 1 of the Elven Halls
 36684 | Elf:1    | Found Rotaunyo's Jewellery Shoppe.
 37044 | Elf:1    | Identified the +1 flail of Accidental Termination
                  | {antimagic, rElec Int+3 SInv}
 37598 | Elf:2    | Identified the +4 leather armour of Floral Amelioration
                  | {rN+}
 37609 | Elf:2    | Paralysed by an air elemental for 1 turns
 37704 | Elf:2    | Found a runed translucent gate.
 37704 | Elf:2    | Found a runed translucent gate.
 37704 | Elf:2    | Found a runed translucent gate.
 37714 | Elf:2    | Identified the +10 dagger of Valuable Assets {vamp, rN+
                  | rCorr Str-3}
 37729 | Elf:2    | Identified the +4 dagger "Lerrokh" {pain, MP+9 Int+7}
 37787 | Elf:3    | Entered Level 3 of the Elven Halls
 37976 | Elf:3    | Noticed Bai Suzhen
 38103 | Elf:3    | Killed Bai Suzhen
 38170 | Elf:3    | Reached skill level 15 in Dodging
 38171 | Elf:3    | Reached XP level 22. HP: 126/130 MP: 37/37
 38225 | Elf:3    | Identified the ring of Xieph {Fly rF++ Str+2}
 38320 | Elf:3    | Identified the amulet of Xom's Ringing Laughter {Faith
                  | Regen+ Int-3 Dex+4}
 38357 | Elf:3    | Reached skill level 19 in Fighting
 38385 | Elf:3    | Found the +3 Mad Mage's Maulers {Infuse+∞ VampMP -Cast}
 38443 | Elf:3    | Identified the staff of Trial by Ordeal {+Blink rC+ rN+
                  | MP+9 Str-2 Ice}
 38449 | Elf:3    | Identified the +1 short sword of the Jester {pain, rElec
                  | rN+ Str-2}
 38454 | Elf:3    | Identified the +0 leather armour "Yrusa" {rF+ Dex-5 SInv}
 38462 | Elf:3    | Acquired 761 gold pieces
 40047 | Depths:1 | Entered Level 1 of the Depths
 40402 | Depths:1 | Identified the +9 quick blade of Greed {vamp, rElec rC+}
 40874 | Depths:1 | Found a sparkling altar of Nemelex Xobeh.
 41523 | Depths:1 | Found a gateway to Hell.
 41764 | Depths:1 | Acquired 568 gold pieces
 42009 | Depths:1 | Bought a scroll of fear for 56 gold pieces
 42009 | Depths:1 | Bought a scroll of teleportation for 42 gold pieces
 42009 | Depths:1 | Bought a scroll of butterflies for 56 gold pieces
 42026 | Depths:2 | Found Iphiudy's One-of-a-Kind Books.
 42037 | Depths:2 | Reached skill level 10 in Armour
 42073 | Depths:2 | Reached XP level 23. HP: 136/136 MP: 2/39
 42175 | Depths:2 | Found a shadowy altar of Dithmenos.
 42179 | Depths:2 | Identified the +9 quarterstaff "Vapiud" {freeze, rN+ Int+2
                  | SInv}
 42181 | Depths:2 | Found a one-way gate leading to the halls of Pandemonium.
 43547 | Depths:3 | Found a one-way gate to the infinite horrors of the Abyss.
 44780 | Depths:3 | Reached skill level 20 in Fighting
 45176 | Depths:3 | Reached skill level 15 in Evocations
 45574 | Depths:3 | Noticed a juggernaut
 45587 | Depths:3 | Killed a juggernaut
 45591 | Depths:3 | Noticed a golden dragon
 45597 | Depths:3 | Killed a golden dragon
 45975 | Depths:3 | Found a broken altar of Ashenzari.
 46381 | Depths:4 | Entered Level 4 of the Depths
 46587 | Depths:4 | Noticed a golden dragon
 46651 | Depths:4 | Reached XP level 24. HP: 143/143 MP: 3/40
 46681 | Depths:4 | Found Feuhopt's Distillery.
 46915 | Depths:4 | Found a one-way gateway to a ziggurat.
 47307 | Depths:4 | Found Qebefoal's Armour Boutique.
 47309 | Depths:4 | Found Qugguuch's Armour Boutique.
 47314 | Depths:4 | Found Agyf's Antique Weapon Shop.
 47317 | Depths:4 | Bought a potion of curing for 57 gold pieces
 47317 | Depths:4 | Bought a potion of curing for 57 gold pieces
 47317 | Depths:4 | Bought a potion of resistance for 190 gold pieces
 47317 | Depths:4 | Bought a potion of ambrosia for 152 gold pieces
 47644 | Depths:4 | Found a gate to the Realm of Zot.
 49031 | Vaults:1 | Killed Vorhees's ghost
 49165 | Vaults:5 | Entered Level 5 of the Vaults
 49279 | Vaults:5 | Got a silver rune of Zot
 49284 | Vaults:5 | Identified the +3 buckler of the Guilds {rF+ Str+3}
 49423 | Vaults:5 | Reached skill level 21 in Fighting
 49615 | Vaults:5 | Noticed an ancient lich
 49624 | Vaults:5 | Identified the +11 hand axe of the Iron City of Dis
                  | {distort, rC+}
 49742 | Vaults:5 | Noticed an ancient lich
 49753 | Vaults:5 | Killed an ancient lich
 49783 | Vaults:5 | Killed an ancient lich
 50387 | Vaults:5 | Reached XP level 25. HP: 121/146 MP: 1/41
 50621 | Vaults:5 | Identified the +8 hand cannon "Namied" {drain, Stlth+}
 50621 | Vaults:5 | Identified the +6 scale mail of Valiance {Rampage MP+9
                  | Str-3 Dex+3}
 52012 | Vaults:5 | Noticed an ancient lich
 52014 | Vaults:5 | Killed an ancient lich
 52267 | Vaults:5 | Noticed Boris
 52272 | Vaults:5 | Killed Boris
 52943 | Vaults:5 | Identified the +6 chain mail of a wizard's laboratory
                  | {rCorr MP-9 Str+2}
 52963 | Vaults:5 | Identified the staff "Nimme" {Will- Stlth+ Conj Necro}
 52981 | Vaults:5 | Identified the +1 leather armour "Peqeti" {Harm rCorr
                  | Str+6}
 53381 | Swamp:1  | Bought a slimy scale mail for 315 gold pieces
 53381 | Swamp:1  | Identified the +3 scale mail "Gaides" {+Inv rPois Dex-3}
                  | (You bought it in a shop on level 1 of the Swamp)
 53381 | Swamp:1  | Bought a pair of crude gloves for 332 gold pieces
 53381 | Swamp:1  | Identified the +2 pair of gloves "Axoish" {rPois rF- Str+6}
                  | (You bought it in a shop on level 1 of the Swamp)
 53381 | Swamp:1  | Bought a transparent chain mail for 332 gold pieces
 53381 | Swamp:1  | Identified the +7 chain mail "Guotiw" {Rampage rElec Regen+
                  | MP-9} (You bought it in a shop on level 1 of the Swamp)
 53386 | Swamp:1  | Bought a warped tower shield for 323 gold pieces
 53386 | Swamp:1  | Identified the +4 tower shield of Bilazush {rPois rC+} (You
                  | bought it in a shop on level 1 of the Swamp)
 53386 | Swamp:1  | Bought a scroll of teleportation for 102 gold pieces
 53386 | Swamp:1  | Bought a potion of curing for 102 gold pieces
 53386 | Swamp:1  | Bought a scroll of blinking for 255 gold pieces
 53389 | Swamp:1  | Bought the ring of Zapla {AC+4 Str+3} for 838 gold pieces
 53714 | Crypt:1  | Entered Level 1 of the Crypt
 53716 | Crypt:1  | Noticed Zenata
 53724 | Crypt:1  | Killed Zenata
 53830 | Crypt:1  | Noticed Grunn
 53847 | Crypt:1  | Identified the ring "Soghempu" {Ice rN+ Dex+3}
 53847 | Crypt:1  | Noticed Josephina
 53871 | Crypt:1  | Reached skill level 22 in Fighting
 53892 | Crypt:1  | Killed Josephina
 53893 | Crypt:1  | HP: 3/142 [Grunn/+4 glaive of draining (10)]
 53909 | Crypt:1  | Noticed Boris
 53964 | Crypt:1  | Killed Boris
 54019 | Crypt:1  | Killed Grunn
 56093 | Crypt:3  | Entered Level 3 of the Crypt
 56652 | Crypt:3  | Found an ancient bone altar of Kikubaaqudgha.
 56844 | Crypt:3  | Noticed an ancient lich
 56849 | Crypt:3  | Killed an ancient lich
 59322 | Crypt:3  | Found the +8 demon blade "Leech" {evervamp, Harm ^Drain
                  | rN+}
 59482 | Crypt:3  | Reached skill level 15 in Spellcasting
 59669 | Crypt:3  | Reached XP level 26. HP: 158/158 MP: 10/43
 59876 | Crypt:3  | Identified the amulet "Syori" {Acrobat -Cast Harm rF+ SInv}
 60813 | Crypt:3  | Found a staircase to the Tomb.
 61327 | Slime:1  | Entered Level 1 of the Pits of Slime
 61836 | Slime:3  | Gained mutation: Your health recovers twice as slowly from
                  | being drained. [a shining eye]
 62990 | Slime:5  | Entered Level 5 of the Pits of Slime
 63462 | Slime:5  | Found a viscous altar of Jiyva.
 64372 | Slime:5  | Noticed the Royal Jelly
 64383 | Slime:5  | Killed the Royal Jelly
 65218 | Slime:5  | Identified the +1 chain mail "Hefietro" {Will+ Int+3}
 65222 | Slime:5  | Identified the ring of Misid {Ice Dex+2}
 65320 | Slime:5  | Identified the +2 halberd of Gozag's Displeasure {pain,
                  | Str+2}
 65763 | Slime:5  | Identified the +3 ring mail "Nameot" {-Tele rElec rPois
                  | rF+++}
 65768 | Slime:5  | Identified the staff "Orphevas" {rF+ Will+ Dex-3 Earth}
 65774 | Slime:5  | Got a slimy rune of Zot
 66646 | Zot:1    | Entered Level 1 of the Realm of Zot
 66907 | Zot:1    | Reached skill level 23 in Fighting
 66919 | Zot:1    | Reached skill level 15 in Armour
 68236 | Zot:2    | Noticed a Killer Klown
 68252 | Zot:2    | Killed a Killer Klown
 68834 | Zot:2    | Reached XP level 27. HP: 164/164 MP: 10/44
 69606 | Zot:3    | Noticed Parghit
 69615 | Zot:3    | Killed Parghit
 70038 | Zot:3    | Found a runed translucent gate.
 70038 | Zot:3    | Found a runed translucent gate.
 70038 | Zot:3    | Found a runed translucent gate.
 70039 | Zot:3    | Found an opulent altar of Gozag.
 70040 | Zot:3    | Found Dearei's Assorted Antiques.
 70040 | Zot:3    | Noticed Sofait's ghost (legendary GnFE)
 70370 | Zot:3    | Noticed an orb of fire
 70376 | Zot:3    | Gained mutation: You occasionally lose the ability to drink
                  | potions when taking damage. [an orb of fire]
 70379 | Zot:3    | Killed an orb of fire
 70984 | Zot:3    | Killed Sofait's ghost
 71201 | Zot:3    | Bought a masterwork leather armour for 301 gold pieces
 71201 | Zot:3    | Identified the +2 leather armour of the Many Knives {rF-
                  | Str+8 Dex+4} (You bought it in a shop on level 3 of the
                  | Realm of Zot)
 71201 | Zot:3    | Bought a scroll of fear for 172 gold pieces
 71201 | Zot:3    | Bought a scroll of fear for 172 gold pieces
 71229 | Zot:3    | Lost mutation: Your health recovers twice as slowly from
                  | being drained. [potion of mutation]
 71229 | Zot:3    | Lost mutation: You occasionally lose the ability to drink
                  | potions when taking damage. [potion of mutation]
 71229 | Zot:3    | Gained mutation: You occasionally shout uncontrollably at
                  | your foes. [potion of mutation]
 71229 | Zot:3    | Gained mutation: You are clumsy. (Dex -2) [potion of
                  | mutation]
 71229 | Zot:3    | Gained mutation: You are partially covered in iridescent
                  | scales. (AC +2) [potion of mutation]
 72932 | Zot:4    | Found a stormy altar of Qazlal.
 73063 | Zot:4    | Found a stormy altar of Qazlal.
 73882 | Zot:5    | Entered Level 5 of the Realm of Zot
 74006 | Zot:5    | Found the +8 pair of quick blades "Gyre" and "Gimble"
                  | {protect}
 74073 | Zot:5    | Noticed yokelz's ghost (legendary GrFi)
 74074 | Zot:5    | Found a transporter.
 74074 | Zot:5    | Identified the +1 cloak of the Bedazzling Gods {rF+}
 74085 | Zot:5    | Identified the +0 cloak "Fealuac" {rF+ rC+ Dex+4}
 74087 | Zot:5    | Found a bloodstained altar of Trog.
 74094 | Zot:5    | Found a transporter.
 75130 | Zot:5    | Noticed an ancient lich
 75135 | Zot:5    | Killed an ancient lich
 75155 | Zot:5    | Noticed an orb of fire
 75181 | Zot:5    | Noticed a dread lich
 75186 | Zot:5    | Killed an orb of fire
 75187 | Zot:5    | Reached skill level 24 in Fighting
 75204 | Zot:5    | Killed a dread lich
 75565 | Zot:5    | Noticed an orb of fire
 75566 | Zot:5    | Noticed a dread lich
 75575 | Zot:5    | Killed an orb of fire
 75577 | Zot:5    | Killed a dread lich
 75578 | Zot:5    | Noticed a dread lich
 75586 | Zot:5    | Killed a dread lich
 75869 | Zot:5    | Noticed a dread lich
 75875 | Zot:5    | Killed a dread lich
 75895 | Zot:5    | Noticed an orb of fire
 75898 | Zot:5    | Noticed an orb of fire
 75900 | Zot:5    | Noticed a dread lich
 75901 | Zot:5    | Killed an orb of fire
 75914 | Zot:5    | Killed an orb of fire
 75920 | Zot:5    | Killed a dread lich
 76353 | Zot:5    | Killed yokelz's ghost
 76659 | Hell     | Entered the Vestibule of Hell
 76659 | Hell     | Noticed Geryon
 76679 | Hell     | Killed Geryon
 77329 | Hell     | Found a gateway to the Iron City of Dis.
 77400 | Hell     | Noticed Murray
 77410 | Hell     | Killed Murray
 77667 | Hell     | Found a gateway to the freezing wastes of Cocytus.
 78088 | Hell     | Found a gateway to the decaying netherworld of Tartarus.
 78254 | Hell     | Found a gateway to the ashen valley of Gehenna.
 78512 | Zig:1    | Entered Level 1 of a ziggurat
 78680 | Zig:2    | Entered Level 2 of a ziggurat
 78703 | Zig:2    | Identified the +2 halberd "Vaqyloc" {flame, Int+5}
 78713 | Zig:3    | Entered Level 3 of a ziggurat
 78746 | Zig:4    | Entered Level 4 of a ziggurat
 78787 | Zig:5    | Entered Level 5 of a ziggurat
 78820 | Zig:5    | Identified the +1 great sword "Ceocaqel" {protect, rPois
                  | rF+ Int+2}
 78829 | Zig:6    | Entered Level 6 of a ziggurat
 78832 | Zig:6    | Noticed a royal mummy
 78838 | Zig:6    | Killed a royal mummy
 79003 | Zig:7    | Entered Level 7 of a ziggurat
 79184 | Zig:8    | Entered Level 8 of a ziggurat
 79189 | Zig:8    | Noticed Dilumab the pandemonium lord
 79203 | Zig:8    | Killed Dilumab the pandemonium lord
 79258 | Zig:8    | Identified the +8 shadow dragon scales of Unambiguity {rC+
                  | Stlth++++}
 79268 | Zig:9    | Entered Level 9 of a ziggurat
 79439 | Zig:9    | Acquired a manual of Dodging
 79443 | Zig:9    | Identified the staff "Fuyl" {rElec rCorr Conj Hexes Air}
 79446 | Zig:9    | Identified the ring of Harmony {rElec Will+ rCorr MP+9}
 79449 | Zig:9    | Identified the ring of the Failed Coup {+Blink rPois rC+
                  | Will+ Dex-3}
 79454 | Zig:9    | Identified the ring "Oluross" {Fly rElec Will+ AC+4}
 79581 | Zig:10   | Entered Level 10 of a ziggurat
 79804 | Zig:10   | Identified the ring of Tamoahamo {Ice rN+ Str-4 Dex+2 SInv}
 79821 | Zig:10   | Identified the staff of Onweck {rPois Int+8 Stlth- Alchemy}
 79825 | Zig:11   | Entered Level 11 of a ziggurat
 79846 | Zig:11   | Reached skill level 25 in Fighting
 80097 | Zig:12   | Entered Level 12 of a ziggurat
 80343 | Zig:12   | Acquired the scarf of Wu Jian's Anger {rC+ rF+, ^Drain rN+
                  | Str+3}
 80363 | Zig:12   | Identified the +1 leather armour "Jusketi" {Dex+3}
 80365 | Zig:12   | Got the Thoughts on Injurious Algor
 80369 | Zig:13   | Entered Level 13 of a ziggurat
 80388 | Zig:13   | Found the amulet of Vitality {RegenMP++ Regen++}
 80638 | Zig:13   | Identified the +4 bardiche of Ekkahof {heavy, rCorr}
 80660 | Zig:13   | Identified the amulet of Disaster {Acrobat Harm Will+}
 80665 | Zig:13   | Identified the +5 battleaxe of Wyrd {vamp, MP+9}
 80684 | Zig:13   | Identified the +3 mace of Fate {freeze, Str+2}
 80804 | Zig:14   | Entered Level 14 of a ziggurat
 80822 | Zig:14   | Noticed Baheotot the pandemonium lord
 80874 | Zig:14   | Slain by a demonspawn warmonger

Illustrated notes

Levels and vault maps discovered:
D:1:      minmay_arrival_radiant_lines, layout_basic
D:2:      layout_rooms
D:3:      kennysheep_goblin_castle, layout_loops_ring,
          hellmonk_ecumenical_altar_arch_garden, gammafunk_ghost_mausoleum,
          amcnicky_mini_rare_corridor_liquid, hangedman_abyss_or_decor_stabs,
          minmay_misc_feat_chi
D:4:      layout_rooms, nicolae_overflow_hidden_temple, minmay_bent
D:5:      layout_loops_ring, serial_shops, shop, shop,
          nicolae_shop_bloodbath_and_beyond, hangedman_decor_opposing
D:6:      layout_loops_ring, yredelemnul_altar_generic,
          nicolae_hepliaklqana_hippocampus, minmay_temple_entry_offerings,
          gammafunk_ghost_necromancy, serial_rivers,
          chequers_serial_rivers_small_b, chequers_serial_rivers_room_a,
          chequers_serial_rivers_room_b, chequers_serial_rivers_micro_d,
          chequers_serial_rivers_micro_c, chequers_serial_rivers_micro_e
D:7:      layout_basic
D:8:      layout_rooms
D:9:      layout_rooms, marbit_many_paths
D:10:     minmay_diamond_stairs, layout_long_grid,
          pdpol_wu_jian_five_deadly_venoms, lemuel_doored_altar, serial_shops,
          shop, minivault_21
D:11:     layout_rooms, dpeg_oklobed_lair, nicolae_island_escapes
D:12:     layout_irregular_city, serial_column_ruins,
          column_ruins_columns_straight, column_ruins_grid_2,
          column_ruins_grid_1, column_ruins_grid_1, xom_teletrap_fun
D:13:     layout_basic, kennysheep_slug_shrine
D:14:     layout_roguey, erik_vaults_1, nicolae_trove_entry_free_sample,
          gammafunk_ghost_hive, minmay_joined_circles
D:15:     grunt_enter_depths_hoard, layout_stronghold, serial_bayou_pond_c,
          minmay_tree_intersection
Temple:   nicolae_temple_figure_eight
Lair:1:   layout_hall_layers, lemuel_oklob_altar
Lair:2:   layout_hall_layers, grunt_megastairs_5, uniq_amaemon
Lair:3:   layout_roguey, minmay_swamp_entry_swarm,
          nicolae_spider_entry_non_spiders, hibernation_bobbens,
          serial_bayou_shore_a, infiniplex_staircase_pool_2
Lair:4:   beargit_carnivore_pack, layout_concentric_octagons,
          grunt_megastairs_3, infiniplex_staircase_pool
Lair:5:   evilmike_catoblepas_cave, layout_misc_corridors, slime_entry_2,
          ebering_ghost_rock_garden, worms_lemuel, lemuel_fruit_tree
Swamp:1:  layout_basic_swamp, gammafunk_ghost_berserking_beasts,
          serial_swamp_ruin, evilmike_swamp_ruin_house_3,
          evilmike_swamp_ruin_rubble_1, evilmike_swamp_ruin_house_6
Swamp:2:  layout_basic_swamp, evilmike_swamp_ruin_house_2, swamp_pool_4
Swamp:3:  tekkud_swamp_unearthing_site, layout_basic_swamp,
          evilmike_swamp_ruin_rubble_2
Swamp:4:  swamp_alternative, layout_basic_swamp
Spider:1: layout_spider_delve
Spider:2: layout_spider_delve, nicolae_spider_wall_of_niches
Spider:3: lemuel_spider_zombies
Spider:4: grunt_spider_rune_circles
Slime:1:  layout_caves
Slime:2:  layout_caves
Slime:3:  nicolae_slime_spelunking
Slime:4:  layout_caves
Slime:5:  slime_pit_nicolae_block_by_block
Orc:1:    cheibrodos_orc_guarddog, layout_caves, portal_ice_cave_entry_imps,
          uniq_sonja
Orc:2:    st_orc_town, layout_caves, minmay_orc_temple_b
Elf:1:    minmay_elf_arrival_summoners, layout_geoelf_diagonals, serial_shops,
          nicolae_shop_gibbet_a_chance, nicolae_elf_blasts_and_bolts
Elf:2:    elven_hall_of_blades_hangedman_original [mumra_blade_entry_bloodbath],
          layout_geoelf_grid, uniq_agnes, uniq_louise
Elf:3:    minmay_elf_hall_statues, layout_loops_corners, uniq_bai_suzhen
Vaults:1: ebering_ghost_rock_garden, hangedman_vaults_slice,
          nicolae_vaults_double_plus_3, ontoclasm_vaults_loading_screen,
          vaults_room_ringed_pool, vaults_standard_mumra_enter_the_diamond,
          ontoclasm_vaults_claustrophobia, nicolae_vaults_quartermaster,
          vaults_dpeg_doors, vaults_room_semicircle, hangedman_vaults_capsules,
          nicolae_vaults_border_crossing, nicolae_vaults_apartment_2,
          nicolae_vaults_little_squares_1, nicolae_vaults_wine_cellar,
          nicolae_vaults_trapezoid_1, nicolae_vaults_tetromino_L_2,
          layout_vaults_ring, serial_shops, shop
Vaults:2: nicolae_vaults_little_squares_4, v_rooms_5, v_alt_pattern_6,
          hangedman_vaults_snaps, nicolae_vaults_tetromino_T_1, st_cells,
          nicolae_vaults_double_plus_1, layout_vaults_omnigrid, uniq_aizul
Vaults:3: v_rooms_3, nicolae_vaults_octagons, v_misc_8, blue_anna_dwarven_crypt,
          v_pattern_5, vaults_mumra_lcd, nicolae_vaults_two_Ls,
          nicolae_vaults_diamond_1, vaults_room_stairs_pillars,
          layout_vaults_omnicross, uniq_saint_roka, uniq_donald, uniq_margery,
          uniq_nikola
Vaults:4: v_rooms_2, vaults_room_boxed, nicolae_vaults_three_branches,
          hangedman_vaults_hat, nicolae_vaults_stairing_the_circle,
          nicolae_vaults_arrows, nicolae_vaults_little_squares_5,
          not_door_vault_mu, nicolae_vaults_shipping_containers_1,
          nicolae_vaults_bisected_slash, ontoclasm_vaults_twist,
          nicolae_vaults_house_1, nicolae_vaults_trapezoid_3,
          nicolae_vaults_theta, ontoclasm_vaults_fault, layout_vaults_maze
Vaults:5: serial_shops, uniq_boris
Crypt:1:  layout_rooms, uniq_zenata, uniq_josephina, uniq_grunn
Crypt:2:  layout_regular_city
Crypt:3:  quadcrypt_mu
Depths:1: regret_index_nemelex_summoning_deck_glade, layout_long_grid,
          grunt_mini_vestibule, dreamdust_wishing_well,
          minmay_guarded_unrand_vampires_tooth
Depths:2: minmay_ornate_pinched, layout_cave_shapes, basic_altar, pan_entry,
          hangedman_geh_valley, nicolae_rare_books
Depths:3: minmay_the_grid_3x3 [minmay_the_grid_stretched_grid,
          minmay_the_grid_box_x, minmay_the_grid_diamond_grid,
          minmay_the_grid_minigrid_small_alt, minmay_the_grid_garden,
          minmay_the_grid_minigrid_large, minmay_the_grid_medium_cups,
          minmay_the_grid_small_cups, minmay_the_grid_prize_four_corners],
          layout_gridlike, cheibrodos_ashenzari_chains, abyss_entry_glasseish,
          hell_entry
Depths:4: grunt_twist_and_shout, layout_cave_shapes, enter_ziggurat_b,
          hangedman_abyss_or_decor_slice, hell_entry, serial_column_ruins,
          column_ruins_circle_medium, column_ruins_hut_ruined,
          column_ruins_columns_straight, column_ruins_open_tiny,
          column_ruins_corridor_corner, column_ruins_columns_dead_end,
          column_ruins_grid_4, minmay_shoptagon
Hell
Zot:1:    layout_gridlike, hangedman_zot_gyre
Zot:2:    kennysheep_ambush_hall, layout_misc_corridors, grunt_megastairs_4
Zot:3:    kennysheep_bubbly, layout_gridville, ebering_ghost_gozag,
          regret_index_zotdec_silver_v_v_loose, uniq_parghit
Zot:4:    layout_cathedral_of_symmetry, regret_index_zotdec_storm_pass,
          grunt_ministairs_13, nicolae_zot_crop_circle
Zot:5:    layout_gridlike, gammafunk_ghost_wrathful_warriors,
          lemuel_baited_zot_trap
Zig:14

Skill      XL: |  1  2  3  4  5  6  7  8  9 10 11 12 13 14 15 16 17 18 19 20 21 22 23 24 25 26 27 |
---------------+----------------------------------------------------------------------------------+-----
Stealth        | 5 6 7 8 9 10 11 13 15 16 17 18 19 20 | 20.0
Fighting       | 2 3 4 5 6 8 9 10 11 12 13 14 15 16 17 18 19 20 21 22 23 25 | 25.3
Short Blades   | 2 3 4 5 7 8 10 12 14 | 14.0
Evocations     | 1 3 4 5 6 7 9 10 11 12 13 14 15 | 15.0
Spellcasting   | 1 4 5 6 8 9 10 11 12 13 15 16 20 | 20.1
Dodging        | 1 4 6 7 9 10 11 12 13 14 15 16 17 18 21 | 21.2
Armour         | 5 8 10 11 13 14 15 18 | 18.3
Throwing       | |  1.7

Action                     |  1- 3 |  4- 6 |  7- 9 | 10-12 | 13-15 | 16-18 | 19-21 | 22-24 | 25-27 || total
---------------------------+-------+-------+-------+-------+-------+-------+-------+-------+-------++-------
  Melee: Dagger            |    26 |       |   142 |   535 |   228 |       |       |       |       ||   931
         Bite              |    10 |    21 |    72 |   250 |   619 |  1185 |  1062 |   742 |  1345 ||  5306
         Short sword       |    33 |   102 |    51 |       |       |       |       |       |       ||   186
         Punch             |       |       |     2 |     8 |    18 |    40 |    48 |    37 |    65 ||   218
         Quick blade       |       |       |       |       |  1078 |  2253 |  1728 |  1346 |  2330 ||  8735
  Throw: Dart              |    23 |    21 |    32 |    45 |    31 |     5 |     6 |       |       ||   163
         Throwing net      |       |       |       |     2 |     2 |       |       |       |       ||     4
 Invoke: Call Merchant     |       |       |       |       |     2 |     4 |     1 |     1 |     4 ||    12
         Potion Petition   |       |       |       |       |       |       |       |       |     2 ||     2
  Evoke: Wand              |       |       |     3 |    13 |     5 |    30 |       |       |     3 ||    54
         Box of beasts     |       |       |       |       |     1 |       |     1 |       |       ||     2
         Phantom mirror    |       |       |       |       |       |     2 |     3 |       |       ||     5
         Tin of tremorston |       |       |       |       |       |       |     4 |     2 |     4 ||    10
         Horn of Geryon    |       |       |       |       |       |       |       |       |     1 ||     1
    Use: Scroll            |     4 |     5 |     6 |     7 |    21 |     5 |     4 |     4 |    18 ||    74
         Potion            |       |       |       |     4 |       |     4 |     1 |       |    12 ||    21
   Stab: Sleeping          |     5 |    11 |    14 |     6 |    53 |    46 |    46 |    10 |    39 ||   230
         Distracted        |       |     1 |     2 |     6 |    11 |    16 |    17 |    26 |    38 ||   117
         Held in net/web   |       |       |       |     1 |     2 |       |       |       |       ||     3
         Betrayed ally     |       |       |       |     1 |     2 |       |       |       |       ||     3
         Invisible         |       |       |       |       |       |     8 |       |       |       ||     8
 Armour: Robe              |     8 |       |       |       |       |       |       |       |       ||     8
         Leather armour    |    14 |    39 |    82 |   254 |   336 |   737 |    88 |       |       ||  1550
         Storm dragon scal |       |       |       |       |       |       |   288 |   351 |   646 ||  1285
  Dodge: Dodged            |    32 |    49 |    69 |   183 |   358 |   860 |   453 |   427 |  1114 ||  3545

Table legend: (Time is in decaauts)
 A = Elapsed time spent in this place.
 B = Non-inter-level travel time spent in this place.
 C = Inter-level travel time spent in this place.
 D = Time resting spent in this place.
 E = Time spent auto-exploring this place.
 F = Levels seen in this place.
 G = Mean time per level.
                   A        B        C        D        E       F      G
               +--------+--------+--------+--------+--------+-----+--------+
         Total |  78295 |  70224 |   8071 |   1599 |  55904 |  73 | 1072.5 |
       Dungeon |  14439 |  11018 |   3421 |    145 |   8060 |  15 |  962.6 |
        Temple |      1 |      1 |      0 |      0 |      0 |   1 |    1.0 |
          Lair |   6820 |   5522 |   1298 |    220 |   3827 |   5 | 1364.0 |
         Swamp |   3328 |   3070 |    258 |    448 |   1836 |   4 |  832.0 |
   Spider Nest |   3845 |   3220 |    625 |      4 |   2356 |   4 |  961.2 |
    Slime Pits |   4857 |   4685 |    172 |     11 |   4117 |   5 |  971.4 |
  Orcish Mines |   2060 |   1903 |    157 |      2 |   1492 |   2 | 1030.0 |
   Elven Halls |   3123 |   2955 |    168 |     25 |   2302 |   3 | 1041.0 |
        Vaults |   9489 |   8671 |    818 |     25 |   6947 |   5 | 1897.8 |
         Crypt |   7120 |   6972 |    148 |     13 |   6362 |   3 | 2373.3 |
        Depths |   8978 |   8341 |    637 |    126 |   7362 |   4 | 2244.5 |
          Hell |   1610 |   1595 |     15 |      0 |   1421 |   1 | 1610.0 |
           Zot |   9722 |   9372 |    350 |     41 |   8468 |   5 | 1944.4 |
      Ziggurat |   2225 |   2225 |      0 |    334 |   1066 |  14 |  158.9 |
         Trove |     32 |     32 |      0 |      0 |      0 |   1 |   32.0 |
      Ice Cave |    639 |    639 |      0 |    202 |    282 |   1 |  639.0 |
               +--------+--------+--------+--------+--------+-----+--------+

Top non-repeatable levels by time:
 Crypt:3: 4788 daAuts
Vaults:5: 3764 daAuts
Depths:3: 3307 daAuts
 Slime:5: 3071 daAuts
   Zot:4: 2648 daAuts
   Zot:5: 2554 daAuts
Depths:4: 2335 daAuts
Depths:1: 1937 daAuts
   Elf:3: 1797 daAuts
    D:14: 1739 daAuts
   Zot:3: 1658 daAuts
  Lair:2: 1628 daAuts
Vaults:3: 1617 daAuts
    Hell: 1610 daAuts
   Zot:1: 1579 daAuts
